Map: Deathaura LE

Players

ExpecT

  • Race: Terran Terran
  • Spawn Location: 5:00

Has - Winner!

  • Race: Protoss Protoss
  • Spawn Location: 11:00

Event: DreamHack SC2 Masters 2020 Summer TwHkMoJp

VOD

Have the link to the VOD?

Description

Time

  • Played on: June 26, 2020, 8:59 a.m.
  • Length: 7:59

All games in this series

Show
View Real Time Build Order
Export as new Build Order

ExpecT Terran 

Build Orders: Reaper Expand 

Get SALT Encoding   

  12  0:00  SCV  
  13  0:12  SCV  
  14  0:16  Supply Depot  
  14  0:25  SCV  
  15  0:38  SCV  
  15  0:39  Barracks  
  16  0:43  Refinery  
  16  0:50  SCV  
  17  1:02  SCV  
  19  1:27  Reaper  
  19  1:29  Orbital Command  
  19  1:37  Command Center  
  19  1:52  Bunker  
  19  1:56  SCV  
  19  2:01  Marine  
  21  2:09  Factory  
  21  2:10  SCV  
  23  2:24  Supply Depot  
  23  2:25  Barracks Reactor, SCV  
  23  2:45  Refinery  
  23  2:46  SCV  
  24  2:52  Orbital Command  
  24  2:55  Factory Tech Lab  
  24  2:56  Bunker  
  24  2:58  SCV  
  25  3:01  Marine x2  
  27  3:12  SCV  
  28  3:15  Siege Tank  
  28  3:19  Marine  
  31  3:20  Marine  
  31  3:27  SCV x2  
  34  3:33  Supply Depot  
  34  3:37  Marine x2  
  36  3:43  Starport  
  35  3:52  SCV x2  
  35  3:55  Marine x2  
  37  4:00  Siege Tank  
  42  4:04  SCV x2  
  44  4:13  Supply Depot  
  44  4:16  Engineering Bay  
  44  4:17  Marine  
  44  4:18  Marine  
  46  4:34  SCV x2, Viking  
  50  4:40  Marine x2  
  50  4:46  Missile Turret  
  50  4:53  Missile Turret  
  50  4:54  Siege Tank  
  51  5:01  Marine x2  
  51  5:03  SCV  
  54  5:21  Supply Depot  
  54  5:24  SCV x2  
  56  5:32  Siege Tank, Marine x2  
  61  5:36  SCV  
  61  5:40  Barracks  
  62  5:43  SCV  
  62  5:46  Supply Depot  
  62  5:48  Supply Depot, SCV  
  64  5:56  Marine x2  
  66  5:57  SCV  
  66  5:59  Starport Reactor  
  66  6:00  SCV  
  68  6:07  Supply Depot  
  68  6:18  SCV x2  
  68  6:19  Supply Depot  
  70  6:27  Barracks  
  70  6:31  SCV  
  70  6:32  Refinery  
  71  6:33  SCV  
  72  6:40  Marine x3  
  72  6:46  Refinery  
  58  6:58  SCV  
  58  6:59  Marine  
  58  7:00  Marine x2  
  40  7:10  SCV  
  41  7:16  Factory Tech Lab  
  41  7:19  Marine x2  
  43  7:24  SCV  
  36  7:38  Marine  
Show
View Real Time Build Order
Export as new Build Order

Has Protoss - Winner!

Build Orders: Zealot Archon 

Get SALT Encoding   

  12  0:00  Probe  
  13  0:12  Probe  
  14  0:17  Pylon  
  14  0:23  Probe  
  15  0:31  Probe  
  15  0:35  Gateway  
  15  0:39  Probe  
  16  0:45  Assimilator  
  17  0:51  Probe  
  18  1:03  Probe  
  19  1:04  Assimilator  
  19  1:15  Probe  
  20  1:20  Pylon  
  20  1:23  Cybernetics Core  
  20  1:27  Probe  
  21  1:40  Probe  
  21  1:44  Assimilator  
  22  1:52  Probe  
  23  1:59  Stalker, Robotics Facility  
  23  2:03  Warp Gate  
  23  2:05  Probe  
  26  2:10  Shield Battery  
  26  2:17  Probe  
  27  2:29  Stalker  
  29  2:32  Pylon  
  29  2:39  Immortal  
  35  3:12  Nexus  
  33  3:20  Warp Prism  
  35  3:28  Probe  
  36  3:34  Pylon  
  36  3:40  Probe  
  37  3:52  Probe  
  38  3:55  Stalker  
  38  3:56  Observer  
  41  4:03  Twilight Council  
  41  4:04  Probe  
  42  4:17  Probe  
  43  4:23  Sentry  
  45  4:24  Probe  
  45  4:29  Gateway, Probe  
  47  4:35  Gateway  
  47  4:36  Probe  
  48  4:41  Probe  
  49  4:47  Charge  
  49  4:48  Immortal, Probe  
  51  5:05  Gateway  
  51  5:06  Pylon  
  54  5:08  Probe x2  
  56  5:18  Immortal  
  58  5:21  Pylon  
  59  5:30  Probe  
  59  5:33  Gateway  
  60  5:39  Templar Archives  
  60  5:44  Zealot x3  
  60  5:49  Probe x2  
  68  5:50  Observer  
  68  5:59  Pylon  
  69  6:05  Zealot  
  69  6:06  Zealot x3  
  77  6:11  Pylon  
  77  6:18  Pylon  
  77  6:26  High Templar x2  
  77  6:27  Zealot x2  
  77  6:30  Archon  
  77  6:31  Zealot  
  75  6:55  Zealot x2  
  75  6:57  Zealot  
  69  7:01  Zealot  
  69  7:02  Zealot  
  69  7:03  Probe x2  
  73  7:15  Probe x2  
  75  7:22  Zealot x5  
  85  7:29  Probe x2  
Tags
 
Add a new tag
Caveats
  • Supply blocks, unpowered buildings, or Contaminate may cause inaccurate times.
  • Supply counts are checked every 10 seconds.